3A
GRAND FORKS CATERPILLARS @ PUT-IN-BAY BC
09/12/2038
 
TOP OF THE 1ST
Grand Forks Caterpillars batting - Pitching for Put-In-Bay BC : RHP Jerry Cherry
Pitching: RHP Jerry Cherry
Batting: LHB Armando Ventura 0-0: Called Strike
0-1: Foul Ball, location: 2F
0-2: SINGLE (Groundball, 6D, EV 95.6 MPH)
Batting: RHB Germán Escobar 0-0: Called Strike
0-1: Ball
1-1: Foul Ball, location: 2F
1-2: Ball
2-2: Ball
3-2: Foul Ball, location: 2F
3-2: Base on Balls
Armando Ventura to second
Batting: LHB Keaton Kringlen 0-0: Called Strike
0-1: Called Strike
0-2: Fly out, F9 (Line Drive, 9, EV 88.8 MPH)
Batting: RHB Dima Tabakaev 0-0: Ball
1-0: Ball
2-0: Swinging Strike
2-1: Foul Ball, location: 2F
2-2: Strikes out looking
Batting: SHB César Enríques 0-0: Called Strike
0-1: Foul Ball, location: 2F
0-2: Strikes out swinging
Top of the 1st over - 0 runs, 1 hit, 0 errors, 2 left on base; Grand Forks 0 - Put-In-Bay 0
BOTTOM OF THE 1ST
Put-In-Bay BC batting - Pitching for Grand Forks Caterpillars : RHP Juan Capmany
Pitching: RHP Juan Capmany
Batting: LHB Eric Manchester 0-0: Ball
1-0: Called Strike
1-1: Called Strike
1-2: Foul Ball, location: 2F
1-2: Fly out, F9 (Flyball, 89D, EV 105.0 MPH)
Batting: RHB Tom Hendrickson 0-0: Called Strike
0-1: Ball
1-1: Ground out 6-3 (Groundball, 6, EV 85.0 MPH)
Batting: LHB Javier Castro 0-0: Ball
1-0: Ball
2-0: Fly out, F4 (Popup, 4M, EV 53.1 MPH)
Bottom of the 1st over - 0 runs, 0 hits, 0 errors, 0 left on base; Grand Forks 0 - Put-In-Bay 0
TOP OF THE 2ND
Grand Forks Caterpillars batting - Pitching for Put-In-Bay BC : RHP Jerry Cherry
Batting: LHB Hsui-chuan Tsou 0-0: Ball
1-0: Ball
2-0: Ball
3-0: Base on Balls
Batting: RHB John Camp 0-0: Foul Ball, location: 2F
0-1: Ball
1-1: Ball
2-1: Grounds into double play, 5-4-3 (Groundball, 5, EV 102.5 MPH)
Batting: RHB Sam McConnell 0-0: Called Strike
0-1: Ball
1-1: Ball
2-1: Fly out, F3 (Popup, 3SF, EV 75.0 MPH)
Top of the 2nd over - 0 runs, 0 hits, 0 errors, 0 left on base; Grand Forks 0 - Put-In-Bay 0
BOTTOM OF THE 2ND
Put-In-Bay BC batting - Pitching for Grand Forks Caterpillars : RHP Juan Capmany
Batting: LHB Matt Dunlap 0-0: Fly out, F8 (Flyball, 89D, EV 82.5 MPH)
Batting: LHB Joseph Wallace 0-0: Ball
1-0: Called Strike
1-1: Ball
2-1: Called Strike
2-2: Strikes out swinging
Batting: LHB Martín Pliego 0-0: Ball
1-0: Called Strike
1-1: SINGLE (Flyball, 5D, EV 93.8 MPH)
Batting: RHB Kiril Neuvel 0-0: Called Strike
0-1: Ball
1-1: Called Strike
1-2: Foul Ball, location: 2F
1-2: Ball
2-2: Foul Ball, location: 2F
2-2: Ground out 4-3 (Groundball, 4, EV 92.5 MPH)
Bottom of the 2nd over - 0 runs, 1 hit, 0 errors, 1 left on base; Grand Forks 0 - Put-In-Bay 0
TOP OF THE 3RD
Grand Forks Caterpillars batting - Pitching for Put-In-Bay BC : RHP Jerry Cherry
Batting: RHB Eugene Bradley 0-0: Called Strike
0-1: Foul Ball, location: 2F
0-2: Ball
1-2: Ball
2-2: SINGLE (Groundball, 5D, EV 95.0 MPH)
Batting: LHB Armando Ventura 0-0: Called Strike
0-1: Swinging Strike
0-2: Strikes out swinging
Batting: RHB Germán Escobar 0-0: Foul Ball, location: 2F
0-1: Foul Ball, location: 2F
0-2: Ball
1-2: Foul Ball, location: 2F
1-2: Strikes out looking
Batting: LHB Keaton Kringlen 0-0: Ball
1-0: Called Strike
1-1: Ball
2-1: Called Strike
2-2: Fielders Choice at 2nd, 5-4 (Groundball, 56, EV 89.4 MPH)
Top of the 3rd over - 0 runs, 1 hit, 0 errors, 1 left on base; Grand Forks 0 - Put-In-Bay 0
BOTTOM OF THE 3RD
Put-In-Bay BC batting - Pitching for Grand Forks Caterpillars : RHP Juan Capmany
Batting: RHB Victor Haley 0-0: Ground out 6-3 (Groundball, 6, EV 106.9 MPH)
Batting: RHB Kent Potter 0-0: Foul Ball, location: 2F
0-1: Swinging Strike
0-2: Foul Ball, location: 2F
0-2: Foul Ball, location: 2F
0-2: Ball
1-2: Strikes out looking
Batting: LHB Eric Manchester 0-0: Called Strike
0-1: Foul Ball, location: 2F
0-2: Ball
1-2: Ball
2-2: Strikes out swinging
Bottom of the 3rd over - 0 runs, 0 hits, 0 errors, 0 left on base; Grand Forks 0 - Put-In-Bay 0
TOP OF THE 4TH
Grand Forks Caterpillars batting - Pitching for Put-In-Bay BC : RHP Jerry Cherry
Batting: RHB Dima Tabakaev 0-0: Ball
1-0: Ball
2-0: Called Strike
2-1: Called Strike
2-2: Foul Ball, location: 2F
2-2: Ball
3-2: SOLO HOME RUN (Flyball, 78XD, EV 105.6 MPH), Distance : 398 ft
Batting: SHB César Enríques 0-0: Ball
1-0: Foul Ball, location: 2F
1-1: Foul Ball, location: 2F
1-2: Ball
2-2: Foul Ball, location: 2F
2-2: Ground out 4-3 (Groundball, 4, EV 103.1 MPH)
Batting: LHB Hsui-chuan Tsou 0-0: Ball
1-0: Called Strike
1-1: Called Strike
1-2: Ball
2-2: Ground out 6-3 (Groundball, 6, EV 86.9 MPH)
Batting: RHB John Camp 0-0: Ball
1-0: Foul Ball, location: 2F
1-1: Ball
2-1: Foul Ball, location: 2F
2-2: Ball
3-2: Ground out 6-3 (Groundball, 56, EV 88.1 MPH)
Top of the 4th over - 1 run, 1 hit, 0 errors, 0 left on base; Grand Forks 1 - Put-In-Bay 0
BOTTOM OF THE 4TH
Put-In-Bay BC batting - Pitching for Grand Forks Caterpillars : RHP Juan Capmany
Batting: RHB Tom Hendrickson 0-0: Swinging Strike
0-1: Ball
1-1: Called Strike
1-2: Strikes out swinging
Batting: LHB Javier Castro 0-0: Called Strike
0-1: Called Strike
0-2: Strikes out looking
Batting: LHB Matt Dunlap 0-0: Fly out, F8 (Flyball, 89M, EV 81.9 MPH)
Bottom of the 4th over - 0 runs, 0 hits, 0 errors, 0 left on base; Grand Forks 1 - Put-In-Bay 0
TOP OF THE 5TH
Grand Forks Caterpillars batting - Pitching for Put-In-Bay BC : RHP Jerry Cherry
Batting: RHB Sam McConnell 0-0: Ball
1-0: Ball
2-0: Foul Ball, location: 2F
2-1: Ball
3-1: DOUBLE (Flyball, 89D, EV 103.1 MPH) - OUT at third base trying to stretch hit.
Batting: RHB Eugene Bradley 0-0: Called Strike
0-1: Fly out, F3 (Line Drive, 3, EV 68.8 MPH)
Batting: LHB Armando Ventura 0-0: SINGLE (Line Drive, 7S, EV 97.5 MPH)
Batting: RHB Germán Escobar 0-0: Foul Ball, location: 2F
0-1: Called Strike
0-2: Foul Ball, location: 2F
0-2: Ball
1-2: Foul Ball, location: 2F
1-2: Ball
2-2: Strikes out swinging
Top of the 5th over - 0 runs, 2 hits, 0 errors, 1 left on base; Grand Forks 1 - Put-In-Bay 0
BOTTOM OF THE 5TH
Put-In-Bay BC batting - Pitching for Grand Forks Caterpillars : RHP Juan Capmany
Batting: LHB Joseph Wallace 0-0: Ball
1-0: Called Strike
1-1: Fly out, F9 (Line Drive, 9, EV 101.9 MPH)
Batting: LHB Martín Pliego 0-0: Called Strike
0-1: Ball
1-1: Ground out 4-3 (Groundball, 4, EV 81.2 MPH)
Batting: RHB Kiril Neuvel 0-0: Ball
1-0: Called Strike
1-1: Ball
2-1: Called Strike
2-2: Fly out, F8 (Flyball, 8LS, EV 97.5 MPH)
Bottom of the 5th over - 0 runs, 0 hits, 0 errors, 0 left on base; Grand Forks 1 - Put-In-Bay 0
TOP OF THE 6TH
Grand Forks Caterpillars batting - Pitching for Put-In-Bay BC : RHP Jerry Cherry
Batting: LHB Keaton Kringlen 0-0: Fly out, F9 (Flyball, 89M, EV 88.1 MPH)
Batting: RHB Dima Tabakaev 0-0: Ball
1-0: Called Strike
1-1: Ball
2-1: SINGLE (Line Drive, 4D, EV 98.8 MPH)
Batting: SHB César Enríques 0-0: Called Strike
0-1: Fly out, F9 (Flyball, 89M, EV 93.8 MPH)
Batting: LHB Hsui-chuan Tsou 0-0: Ball
1-0: Swinging Strike
1-1: Ball
2-1: DOUBLE (Line Drive, 9LS, EV 105.6 MPH)
Dima Tabakaev to third
Batting: RHB John Camp 0-0: Called Strike
0-1: Swinging Strike
0-2: Fly out, F8 (Line Drive, 8RM, EV 95.6 MPH)
Top of the 6th over - 0 runs, 2 hits, 0 errors, 2 left on base; Grand Forks 1 - Put-In-Bay 0
BOTTOM OF THE 6TH
Put-In-Bay BC batting - Pitching for Grand Forks Caterpillars : RHP Juan Capmany
Batting: RHB Victor Haley 0-0: Ball
1-0: Ball
2-0: Swinging Strike
2-1: Ball
3-1: Called Strike
3-2: Strikes out swinging
Batting: RHB Kent Potter 0-0: Called Strike
0-1: Ball
1-1: Called Strike
1-2: Strikes out swinging
Batting: LHB Eric Manchester 0-0: Called Strike
0-1: Ball
1-1: Foul Ball, location: 2F
1-2: Ball
2-2: Ball
3-2: Strikes out looking
Bottom of the 6th over - 0 runs, 0 hits, 0 errors, 0 left on base; Grand Forks 1 - Put-In-Bay 0
TOP OF THE 7TH
Grand Forks Caterpillars batting - Pitching for Put-In-Bay BC : RHP Jerry Cherry
Batting: RHB Sam McConnell 0-0: Foul Ball, location: 2F
0-1: Fly out, F4 (Popup, 4M, EV 55.6 MPH)
Pitching: RHP Bailey Borrett
Batting: RHB Eugene Bradley 0-0: Ball
1-0: Called Strike
1-1: SINGLE (Groundball, 6MD, EV 98.1 MPH)
Batting: LHB Armando Ventura 0-0: Foul Ball, location: 2F
0-1: Ball
1-1: Fly out, F6 (Popup, 56, EV 63.1 MPH)
Batting: RHB Germán Escobar Pickoff Throw to First - Error! E1
Eugene Bradley to second
0-0: Ball
1-0: Ground out U3 (Groundball, 3S, EV 80.0 MPH)
Top of the 7th over - 0 runs, 1 hit, 1 error, 1 left on base; Grand Forks 1 - Put-In-Bay 0
BOTTOM OF THE 7TH
Put-In-Bay BC batting - Pitching for Grand Forks Caterpillars : RHP Juan Capmany
Batting: RHB Tom Hendrickson 0-0: Called Strike
0-1: Fly out, F7 (Line Drive, 7, EV 109.4 MPH)
Batting: LHB Javier Castro 0-0: Ball
1-0: Called Strike
1-1: Foul Ball, location: 2F
1-2: Ball
2-2: Foul Ball, location: 2F
2-2: Foul Ball, location: 2F
2-2: Ball
3-2: Fly out, F9 (Flyball, 9LSF, EV 68.1 MPH)
Batting: LHB Matt Dunlap 0-0: Ball
1-0: SINGLE (Line Drive, 6D, EV 96.9 MPH)
Pitching: RHP César Luna
Batting: LHB Joseph Wallace 0-0: Ground out U3 (Groundball, 3, EV 92.5 MPH)
Bottom of the 7th over - 0 runs, 1 hit, 0 errors, 1 left on base; Grand Forks 1 - Put-In-Bay 0
TOP OF THE 8TH
Grand Forks Caterpillars batting - Pitching for Put-In-Bay BC : RHP Bailey Borrett
Batting: LHB Keaton Kringlen 0-0: Foul Ball, location: 2F
0-1: Ball
1-1: SINGLE (Line Drive, 4D, EV 95.0 MPH)
Batting: RHB Dima Tabakaev 0-0: Ball
1-0: Ball
2-0: Ball
3-0: Called Strike
3-1: Base on Balls
Keaton Kringlen to second
Pinch Runner at 2nd José Sánchez:
Batting: SHB César Enríques 0-0: Ball
1-0: Ball
2-0: Foul Ball, location: 2F
2-1: Ball
3-1: Base on Balls
José Sánchez to third
Dima Tabakaev to second
Batting: LHB Hsui-chuan Tsou 0-0: Foul Ball, location: 2F
0-1: SINGLE (Groundball, 6MD, EV 96.9 MPH)
José Sánchez scores
Dima Tabakaev to third
César Enríques to second
Runner from 3rd tries for Home, SAFE, throw by CF to home
Batting: RHB John Camp 0-0: Foul Ball, location: 2F
0-1: Ball
1-1: Called Strike
1-2: Strikes out looking
Batting: RHB Sam McConnell 0-0: Ball
1-0: Ball
2-0: Ground out 4-3 (Groundball, 4S, EV 87.5 MPH)
César Enríques to third
Hsui-chuan Tsou to second
Batting: RHB Eugene Bradley 0-0: Called Strike
0-1: Foul Ball, location: 2F
0-2: Ball
1-2: Strikes out swinging
Top of the 8th over - 2 runs, 2 hits, 0 errors, 2 left on base; Grand Forks 3 - Put-In-Bay 0
BOTTOM OF THE 8TH
Put-In-Bay BC batting - Pitching for Grand Forks Caterpillars : RHP César Luna
Now in LF: Jeet Kandathil
Batting: LHB Martín Pliego 0-0: Called Strike
0-1: Ball
1-1: Ball
2-1: Ball
3-1: SINGLE (Groundball, 4MD, EV 98.1 MPH)
Batting: RHB Kiril Neuvel 0-0: Called Strike
0-1: Ball
1-1: Ball
2-1: Called Strike
2-2: Foul Ball, location: 2F
2-2: Ball
3-2: SINGLE (Groundball, 56D, EV 108.8 MPH)
Martín Pliego to second
Batting: RHB Victor Haley 0-0: Foul Ball, location: 2F
0-1: Fly out, F9 (Flyball, 9S, EV 78.8 MPH)
Batting: RHB Kent Potter 0-0: Fielders Choice at 2nd, 4-6 (Groundball, 34, EV 77.5 MPH)
Martín Pliego to third
Batting: LHB Eric Manchester 0-0: Ground out 6-3 (Groundball, 56D, EV 103.1 MPH)
Bottom of the 8th over - 0 runs, 2 hits, 0 errors, 2 left on base; Grand Forks 3 - Put-In-Bay 0
TOP OF THE 9TH
Grand Forks Caterpillars batting - Pitching for Put-In-Bay BC : RHP Bailey Borrett
Batting: LHB Armando Ventura 0-0: Foul Ball, location: 2F
0-1: Ball
1-1: Swinging Strike
1-2: Strikes out looking
Batting: RHB Germán Escobar 0-0: Ball
1-0: Ball
2-0: Ground out 4-3 (Groundball, 4, EV 85.0 MPH)
Batting: LHB Jeet Kandathil 0-0: Foul Ball, location: 2F
0-1: Called Strike
0-2: Ball
1-2: Ball
2-2: Foul Ball, location: 2F
2-2: Ball
3-2: Strikes out swinging
Top of the 9th over - 0 runs, 0 hits, 0 errors, 0 left on base; Grand Forks 3 - Put-In-Bay 0
BOTTOM OF THE 9TH
Put-In-Bay BC batting - Pitching for Grand Forks Caterpillars : RHP César Luna
Pitching: RHP Ludovic Laurent
Batting: RHB Tom Hendrickson 0-0: Ball
1-0: Called Strike
1-1: Ball
2-1: Foul Ball, location: 2F
2-2: SINGLE (Groundball, 6MD, EV 101.9 MPH)
Batting: LHB Javier Castro 0-0: Fly out, F8 (Flyball, 8RS, EV 90.6 MPH)
Batting: LHB Matt Dunlap 0-0: Ball
1-0: Ball
2-0: Fly out, F7 (Flyball, 8LM, EV 87.5 MPH)
Batting: LHB Joseph Wallace 0-0: Swinging Strike
0-1: DOUBLE (Flyball, 8RXD, EV 94.4 MPH)
Tom Hendrickson to third
Batting: LHB Martín Pliego 0-0: Called Strike
0-1: Ball
1-1: Foul Ball, location: 2F
1-2: Ball
2-2: Strikes out looking
Bottom of the 9th over - 0 runs, 2 hits, 0 errors, 2 left on base; Grand Forks 3 - Put-In-Bay 0
Friday, April 17th, 2020 - OOTP Baseball 20.8 Build 74